 Dungeon Crawl Stone Soup version 0.28-a0-620-g539b0f7ac7 (webtiles) character file.

Game seed: 6931751477801049802

17305 freelancePsychic the Fighter (level 12, -6/98 HPs)
             Began as a Djinni Ice Elementalist on Oct 6, 2021.
             Was a Believer of Makhleb.
             Mangled by a black mamba (7 damage)
             ... on level 2 of the Lair of Beasts.
             The game lasted 00:26:34 (16315 turns).

freelancePsychic the Fighter (DjIE)                Turns: 16315, Time: 00:26:34

Health: -6/98      AC: 13    Str:  9 (11) XL:     12   Next: 81%
Gold:   517        EV: 10    Int: 19 (22) God:    Makhleb [**....] SH: 12 Dex: 12 (14)

rFire   + + .      SeeInvis .   p - staff of conjuration
rCold   x . .      Faith    .   F - +2 kite shield {AC+3}
rNeg    . . .      Spirit   .   c - +0 steam dragon scales
rPois   ∞          Reflect  .   (no helmet)
rElec   .          Harm     .   m - +0 cloak
rCorr   +          Rampage  .   I - +3 pair of gloves "Inugg" {Str+4}
Will    +....                   (boots unavailable)
Stlth   ++........              (no amulet)
HPRegen 0.26/turn               e - ring of resist corrosion
MPRegen 0.00/turn               (no ring)

@: brilliant, flying, hasted, very quick
A: sickness immunity, fire resistance 2, cold vulnerability 1, float, innate
caster, hp casting, extra vitality 1
a: Renounce Religion, Minor Destruction


You were on level 2 of the Lair of Beasts.
You worshipped Makhleb.
Makhleb was pleased with you.
You visited 3 branches of the dungeon, and saw 15 of its levels.
You also visited: Bailey and Gauntlet.

You collected 796 gold pieces.
You spent 279 gold pieces at shops.

Inventory:

Hand Weapons
 n - a +0 dagger of venom
Missiles
 a - a throwing net
Armour
 c - +0 steam dragon scales (worn)
 m - a +0 cloak (worn)
 y - a +2 buckler of protection
 F - a +2 kite shield of protection (worn)
 G - +1 gold dragon scales
 I - the +3 pair of gloves "Inugg" (worn) {Str+4}
   (You found it on level 1 of the Lair of Beasts)

   Str:       It affects your strength (+4).
Magical Staves
 p - a staff of conjuration (weapon)
 E - a staff of air
Jewellery
 d - the amulet "Alotzoed" {Reflect rElec SH+5 Stlth+}
   (You found it in a Gauntlet)

   [amulet of reflection]

   It reflects blocked missile attacks.
   rElec:     It insulates you from electricity.
   SH:        It affects your SH (+5).
   Stlth:     It makes you more stealthy.
 e - a ring of resist corrosion (left hand)
 B - a ring of fire
Wands
 f - a wand of iceblast (4)
 j - a wand of flame (70)
 l - a wand of paralysis (8)
 w - a wand of digging (5)
Scrolls
 h - 4 scrolls of magic mapping
 k - 2 scrolls of fog
 o - a scroll of teleportation {@r4}
 v - 3 scrolls of vulnerability
 C - a scroll of blinking
 D - a scroll of enchant armour
 H - a scroll of identify {@r1}
Potions
 b - a potion of attraction
 i - 2 potions of berserk rage
 q - a potion of degeneration
 s - 2 potions of resistance {unknown}
 t - a potion of lignification {unknown}
 x - 2 potions of brilliance
 z - a potion of magic {unknown}
 A - 2 potions of might {unknown}


   Skills:
 + Level 13.2 Fighting
 - Level 2.2 Short Blades
 - Level 2.1 Dodging
 - Level 1.5 Stealth
 + Level 7.3 Shields
 - Level 10.6 Spellcasting


You had 7 spell levels left.
You knew the following spells:

 Your Spells              Type           Power      Damage    Failure   Level
a - Searing Ray           Conj           100%       2d8       1%          2
b - Frozen Ramparts       Ice            100%       1d12      1%          3
c - Ozocubu's Armour      Ice            66%        N/A       1%          3
d - Hailstorm             Conj/Ice       85%        3d17      2%          4
e - Animate Skeleton      Necr           100%       N/A       1%          1
f - Dispel Undead         Necr           66%        3d23      2%          4
g - Ignite Poison         Fire/Tmut/Pois 66%        N/A       1%          3
h - Sticky Flame          Conj/Fire      85%        2d10      2%          4
i - Freeze                Ice            100%       1d11      1%          1
Your spell library was empty.

Dungeon Overview and Level Annotations

Branches:
Dungeon (12/15)            Temple (1/1) D:6            Lair (2/6) D:10
  Swamp (0/4) Lair:2          Orc (0/2) D:10         Bailey (visited)
Gauntlet (visited)
  Snake: Lair:2-4    Spider: Lair:2-4

Altars:
Ashenzari
Cheibriados
Dithmenos
Elyvilon
Fedhas
Gozag
Hepliaklqana
Kikubaaqudgha
Makhleb
Nemelex Xobeh
Okawaru
Qazlal
Ru
Sif Muna
Trog
Uskayaw
Vehumet
Wu Jian
Xom
Yredelemnul
Zin
The Shining One

Shops:
D:4 ([[(!   D:7 *

Annotations:
D:9 2 transporters, noodleboyJ's ghost, novice DrCK
D:10 8 runed translucent doors, ytrimaz's ghost, journeyman MiBe


Innate Abilities, Weirdness & Mutations

You are immune to sickness and miasma.
You are immune to poison.
Your flesh is very heat resistant. (rF++)
You are vulnerable to cold. (rC-)
You float through the air rather than walking.
You learn spells naturally, not from books.
Your magical power is your life essence.
You have superior vitality. (+4 HP)


Message History

The spectral death yak closely misses you.
The searing ray hits the spectral death yak.
The spectral death yak is lightly damaged.
The spectral death yak gores you!
The searing ray hits the spectral death yak.
The spectral death yak is lightly damaged.
The spectral death yak gores you!
* * * LOW HITPOINT WARNING * * *
The searing ray hits the spectral death yak.
The spectral death yak is lightly damaged.
* * * LOW HITPOINT WARNING * * *
You finish channelling your searing ray.
The spectral death yak barely misses you.
You feel better. The spectral death yak gores you.
You feel better. The spectral death yak gores you!
* * * LOW HITPOINT WARNING * * *
You feel yourself speed up.
You block the spectral death yak's attack.
It was a potion of degeneration.
There was something very wrong with that liquid.
You feel weakened.
You feel dopey.
You feel clumsy.
A minotaur comes into view. It is wielding a staff of earth.
Found 2 silver javelins.
Found a gate leading back out of this place.
There is an open door here.
Found 19 poisoned darts.
There is a gate leading back out of this place here.
Items here: $ ( /// : [[[[.
The minotaur bellows!
You block the minotaur's attack. The minotaur gores you!
* * * LOW HITPOINT WARNING * * *
Welcome back to the Lair of Beasts!
You feel an oppressive heat about you.
There is an entrance to a volcano on this level.
Hurry and find it before the entrance collapses!
The walls and floor vibrate strangely for a moment.
The blink frog hits you!
* * * LOW HITPOINT WARNING * * *
The blink frog blinks!
You block the blink frog's attack. x2
The black mamba bites you!
You die...

*,,,,...#.*#.....#.# **∩*
**,**....#.##.....P.# ******
**≈≈≈*♣..............# *,****
*≈≈≈≈*♣......P...P...#*****,,,,,
*≈≈>≈≈♣......#..?....##,**,,,,,,
*≈≈≈≈≈♣#..##...........**,,,,,,,
**≈*≈*♣.#..#....S......,,,,,,,,,
******♣#...#F..FSFF.....,**,,,*,,
#.**##♣.PP.....#@F....#,,*,,,,,*,
#?.##....P.P...#.S......,,,,*,,,,
...............##P......,,*,****,
,,,#..<.......##*#..##..,,,,,*,**
,#.....##.......#,.##**.,,,,,,**
.≈.....#......P.#,.P* *,,,,,,,***
≈≈≈.<...#.........,## *,**,,,,,,*
≈≈≈≈≈≈≈.####.......,* *,*,*,*,,,,
≈≈≈≈≈≈≈≈.,,........,******,,,,,,,


You could see 2 black mambas, 5 blink frogs and a water moccasin.

Vanquished Creatures
  Fannar (Lair:1)
  A hydra (D:10)
  2 death scarabs (Gauntlet)
  3 two-headed ogres
  An obsidian statue (D:10)
  3 orc knights (Bailey)
  A wolf spider (Gauntlet)
  A cyclops (D:11)
  2 cane toads (Lair:1)
  A jumping spider (Gauntlet)
  3 blink frogs (Lair:1)
  A spectral dream sheep (Gauntlet)
  4 vampires
  2 wyverns (D:7)
  10 yaks
  2 wraiths (D:10)
  A basilisk (Lair:1)
  A steam dragon (D:9)
  An acid dragon (D:11)
  5 wargs (D:10)
  2 water moccasins
  10 orc warriors
  An ice beast (D:6)
  2 black bears
  3 ogres
  A necrophage (D:5)
  A sky beast (D:6)
  2 wolves (Gauntlet)
  6 centaurs
  A kobold brigand (D:10)
  2 bullfrogs
  5 scorpions
  A wyvern skeleton (D:7)
  10 killer bees
  A wight (D:8)
  8 howler monkeys
  An electric eel (D:10)
  A bullfrog zombie (D:7)
  4 centaur zombies
  A bullfrog skeleton (D:5)
  A gnoll shaman (D:3)
  6 orc priests
  Crazy Yiuf (D:5)
  4 centaur skeletons
  2 iguanas (D:5)
  12 orc wizards
  A killer bee zombie (D:7)
  A hound zombie (D:5)
  2 howler monkey skeletons (D:6)
  A howler monkey zombie (D:4)
  2 adders
  4 gnolls
  3 white imps
  An ufetubus (D:5)
  A dart slug (D:4)
  46 orcs
  7 ball pythons
  2 bats
  5 endoplasms
  2 giant cockroaches
  10 goblins
  5 hobgoblins
  3 jackals (D:4)
  12 kobolds
  2 quokkas
  5 frilled lizards
  3 rats
253 creatures vanquished.

Vanquished Creatures (others)
  A fungus (Lair:1)
  3 plants
4 creatures vanquished.

Grand Total: 257 creatures vanquished

Notes
Turn   | Place    | Note
-------+----------+-------------------------------------------
     0 | D:1      | freelancePsychic the Djinni Ice Elementalist began the
                  | quest for the Orb.
     0 | D:1      | Reached XP level 1. HP: 15/15 MP: 0/0
   232 | D:1      | Reached XP level 2. HP: 18/22 MP: 0/0
   583 | D:1      | Found a faded altar of an unknown god.
   622 | D:1      | You are sucked into a shaft and drop 1 floor!
   849 | D:2      | Reached skill level 1 in Fighting
  1148 | D:1      | Reached XP level 3. HP: 21/27 MP: 0/0
  1148 | D:1      | Learned a level 1 spell: Animate Skeleton
  2099 | D:3      | HP: 1/27 [gnoll (1)]
  2390 | D:2      | Reached XP level 4. HP: 22/33 MP: 0/0
  2583 | D:3      | Reached skill level 2 in Fighting
  2586 | D:3      | Reached XP level 5. HP: 16/38 MP: 0/0
  2586 | D:3      | Learned a level 2 spell: Searing Ray
  3553 | D:4      | Found Qoimutom's Distillery.
  3612 | D:4      | Noticed an ogre
  3620 | D:4      | Killed an ogre
  3621 | D:4      | Reached skill level 3 in Fighting
  3621 | D:4      | Reached skill level 5 in Spellcasting
  3621 | D:4      | Reached XP level 6. HP: 31/46 MP: 0/0
  3734 | D:4      | Found Pentiso's Weapon Shop.
  3903 | D:4      | Found Zeasorob's Armour Boutique.
  4026 | D:4      | Found Yworeggi's Weapon Boutique.
  4060 | D:4      | Found Emovi Soudd's Armour Shop.
  4679 | D:4      | Found a snail-covered altar of Cheibriados.
  4680 | D:4      | Found a bloodstained altar of Trog.
  4686 | D:4      | Reached XP level 7. HP: 40/51 MP: 0/0
  4686 | D:4      | Learned a level 3 spell: Ignite Poison
  4820 | D:4      | Found a shadowy altar of Dithmenos.
  4838 | D:5      | Entered Level 5 of the Dungeon
  5064 | D:5      | Reached skill level 4 in Fighting
  5339 | D:5      | Reached XP level 8. HP: 40/58 MP: 0/0
  5921 | D:5      | Reached skill level 5 in Fighting
  5923 | D:5      | Reached skill level 1 in Shields
  6226 | D:5      | Found a runed translucent door.
  6227 | D:5      | Noticed Crazy Yiuf
  6233 | D:5      | Killed Crazy Yiuf
  6500 | D:6      | Identified the +8 quarterstaff "Ypnuos" {speed, rN+ Int+4}
  6794 | D:6      | Reached XP level 9. HP: 61/66 MP: 0/0
  6794 | D:6      | Learned a level 4 spell: Sticky Flame
  6872 | D:6      | Reached skill level 1 in Short Blades
  7012 | D:6      | Reached skill level 6 in Fighting
  7277 | D:6      | Identified a scroll of acquirement
  7277 | D:6      | Acquired a staff of conjuration
  7471 | D:6      | Found a staircase to the Ecumenical Temple.
  7494 | Temple   | Entered the Ecumenical Temple
  7592 | Temple   | Became a worshipper of Makhleb the Destroyer
  7909 | D:6      | Found a basalt altar of Yredelemnul.
  8343 | D:7      | Reached skill level 7 in Fighting
  8711 | D:7      | Reached XP level 10. HP: 43/75 MP: 0/0
  8963 | D:7      | Found Zin's Purification Station.
  8963 | D:7      | Found a glowing silver altar of Zin.
  9564 | D:8      | Found a glowing golden altar of the Shining One.
  9621 | D:8      | Reached * piety under Makhleb
  9622 | D:8      | Reached skill level 8 in Fighting
 10009 | D:4      | Bought a +2 buckler of protection for 279 gold pieces
 10506 | D:8      | Found an opulent altar of Gozag.
 10508 | D:8      | Found a broken altar of Ashenzari.
 10648 | D:9      | Reached skill level 9 in Fighting
 10777 | D:9      | Noticed a brown ugly thing
 10779 | D:9      | Noticed noodleboyJ's ghost (novice DrCK)
 10780 | D:9      | Found a transporter.
 10808 | D:9      | Found a transporter.
 11199 | D:9      | Noticed a two-headed ogre
 11204 | D:9      | Noticed a two-headed ogre
 11205 | D:9      | Killed a two-headed ogre
 11208 | D:9      | Killed a two-headed ogre
 11209 | D:9      | Reached skill level 10 in Fighting
 11209 | D:9      | Reached XP level 11. HP: 65/85 MP: 0/0
 11209 | D:9      | Learned a level 4 spell: Dispel Undead
 11449 | D:10     | Entered Level 10 of the Dungeon
 11700 | D:10     | Found a staircase to the Orcish Mines.
 11943 | D:10     | Noticed an obsidian statue
 11950 | D:10     | Killed an obsidian statue
 11950 | D:10     | Reached ** piety under Makhleb
 12094 | D:10     | Found a large runed translucent door.
 12094 | D:10     | Noticed an ironbound convoker
 12095 | D:10     | Found a large runed translucent door.
 12095 | D:10     | Found a large runed translucent door.
 12095 | D:10     | Found a large runed translucent door.
 12095 | D:10     | Noticed ytrimaz's ghost (journeyman MiBe)
 12095 | D:10     | Noticed a vault warden
 12095 | D:10     | Noticed a deep elf knight
 12096 | D:10     | Found a large runed translucent door.
 12096 | D:10     | Found a large runed translucent door.
 12097 | D:10     | Found a large runed translucent door.
 12097 | D:10     | Found a large runed translucent door.
 12151 | D:10     | Found a staircase to the Lair.
 12154 | D:10     | Noticed a five-headed hydra
 12158 | D:10     | Reached skill level 10 in Spellcasting
 12163 | D:10     | Killed a five-headed hydra
 12164 | D:10     | Reached skill level 11 in Fighting
 13230 | D:11     | Found a flagged portal.
 13292 | Bailey   | Entered a bailey
 13556 | Bailey   | Noticed an orc knight
 13557 | Bailey   | Noticed an orc knight
 13557 | Bailey   | Noticed an orc knight
 13566 | Bailey   | Killed an orc knight
 13566 | Bailey   | Killed an orc knight
 13571 | Bailey   | Killed an orc knight
 13572 | Bailey   | Reached XP level 12. HP: 66/95 MP: 0/0
 14374 | D:11     | Noticed a two-headed ogre
 14380 | D:11     | Killed a two-headed ogre
 14381 | D:11     | Reached skill level 12 in Fighting
 14621 | D:11     | Reached skill level 5 in Shields
 14917 | Lair:1   | Entered Level 1 of the Lair of Beasts
 15266 | Lair:1   | Noticed Fannar
 15276 | Lair:1   | Identified the +3 pair of gloves "Inugg" {Str+4}
 15285 | Lair:1   | Killed Fannar
 15432 | Lair:2   | Found a gate leading to a gauntlet.
 15435 | Gauntlet | Entered a Gauntlet
 15435 | Gauntlet | Found a transporter.
 15443 | Gauntlet | Found a transporter.
 15444 | Gauntlet | Found a transporter.
 15455 | Gauntlet | Found a transporter.
 15457 | Gauntlet | Noticed an entropy weaver
 15459 | Gauntlet | Found a transporter.
 15463 | Gauntlet | Found a transporter.
 15467 | Gauntlet | Found a transporter.
 15469 | Gauntlet | Noticed an entropy weaver
 15475 | Gauntlet | Found a transporter.
 15479 | Gauntlet | Found a transporter.
 15481 | Gauntlet | Noticed a death scarab
 15486 | Gauntlet | Noticed a death scarab
 15488 | Gauntlet | Found a transporter.
 15508 | Gauntlet | Found a transporter.
 15520 | Gauntlet | Found a transporter.
 15532 | Gauntlet | Found a transporter.
 15544 | Gauntlet | Found a transporter.
 16204 | Gauntlet | Reached skill level 13 in Fighting
 16267 | Gauntlet | Killed a death scarab
 16269 | Gauntlet | Killed a death scarab
 16289 | Gauntlet | Identified the amulet "Alotzoed" {Reflect rElec SH+5
                  | Stlth+}
 16311 | Gauntlet | Identified the +1 hunting sling of Reason {flame, rF-
                  | Dex+5}
 16311 | Gauntlet | Noticed a minotaur
 16313 | Gauntlet | Identified the +3 scale mail of Pysaxe Jerph {SInv}
 16315 | Lair:2   | HP: 1/98 [blink frog (9)]
 16315 | Lair:2   | Mangled by a black mamba

Illustrated notes

Levels and vault maps discovered:
D:1:      minmay_arrival_open_corners, layout_basic, basic_ecumenical_altar
D:2:      layout_rooms, serial_glass, glass_columns_b, glass_columns_a,
          minmay_misc_feat_chi, serial_bayou_pond_d
D:3:      layout_loops_ring
D:4:      layout_basic, kennysheep_mini, gammafunk_temple_overflow_pools,
          serial_shops, shop, nicolae_shop_trees, shop, shop, shop,
          minmay_pentomino_pile
D:5:      layout_basic, hangedman_decor_points, uniq_crazy_yiuf_cottage
D:6:      minmay_spotlight, layout_loops_corners, kennysheep_mini_moat,
          minmay_temple_entry_overgrown
D:7:      layout_cave_pools, zin_purify
D:8:      cheibrodos_helix_gallery, layout_rooms,
          mainiacjoe_overflow_divided_tiny, lemuel_tele_altar
D:9:      gammafunk_ghost_arena, layout_rooms, columned_hall_lemuel
D:10:     layout_layer_cave, erik_lair_orcish_takeover, david_orc_1_choice,
          advil_vaults_ghost_lines, minivault_15, serial_bayou_lagoon_a,
          moated_statue
D:11:     layout_roguey, enter_bailey_5
D:12:     layout_loops_cross, hangedman_misty_isle
Temple:   jpeg_temple_clearing
Lair:1:   layout_roguey, beast_lair_carwin_11, uniq_fannar
Lair:2:   layout_misc_corridors, minmay_swamp_entry_worms,
          gauntlet_entry_generic, enter_volcano_3, st_stairs_11,
          infiniplex_staircase_pool, uniq_maggie

Skill      XL: |  1  2  3  4  5  6  7  8  9 10 11 12 |
---------------+-------------------------------------+-----
Fighting       | 1 2 3 4 5 7 10 11 13 | 13.2
Spellcasting   | 4 5 6 7 9 10 | 10.6
Shields        | 2 4 7 |  7.3
Short Blades   | 2 |  2.2
Dodging        | |  2.1
Stealth        | |  1.5

Action                   |  1- 3 |  4- 6 |  7- 9 | 10-12 || total
-------------------------+-------+-------+-------+-------++-------
Melee: Unarmed           |     6 |     2 |       |       ||     8
       Dagger            |       |       |     8 |       ||     8
       Staff             |       |       |     1 |    11 ||    12
 Cast: Freeze            |    51 |     5 |       |       ||    56
       Frozen Ramparts   |       |     8 |    11 |    15 ||    34
       Ozocubu's Armour  |       |     1 |     5 |     7 ||    13
       Searing Ray       |       |    31 |    26 |    64 ||   121
       Hailstorm         |       |       |    11 |    46 ||    57
       Ignite Poison     |       |       |     3 |       ||     3
       Sticky Flame      |       |       |    15 |    37 ||    52
       Dispel Undead     |       |       |       |    11 ||    11
  Use: Scroll            |     3 |       |     5 |    12 ||    20
       Potion            |       |     4 |       |     6 ||    10
 Stab: Sleeping          |     1 |       |       |       ||     1
Armor: Robe              |     4 |     5 |    36 |    11 ||    56
       Steam dragon scal |       |       |       |    50 ||    50
Dodge: Dodged            |    40 |    21 |    72 |    87 ||   220
Block: Buckler           |       |       |    13 |    39 ||    52
       Kite shield       |       |       |       |    42 ||    42

Table legend: (Time is in decaauts)
 A = Elapsed time spent in this place.
 B = Non-inter-level travel time spent in this place.
 C = Inter-level travel time spent in this place.
 D = Time resting spent in this place.
 E = Time spent auto-exploring this place.
 F = Levels seen in this place.
 G = Mean time per level.
                   A        B        C        D        E       F      G
               +--------+--------+--------+--------+--------+-----+--------+
         Total |  16312 |  15706 |    606 |   1524 |  12170 |  17 |  959.5 |
       Dungeon |  13903 |  13359 |    544 |    875 |  11023 |  12 | 1158.6 |
        Temple |    113 |     99 |     14 |      0 |     83 |   1 |  113.0 |
          Lair |    518 |    472 |     46 |      0 |    331 |   2 |  259.0 |
        Bailey |    894 |    894 |      0 |      0 |    733 |   1 |  894.0 |
      Gauntlet |    882 |    882 |      0 |    649 |      0 |   1 |  882.0 |
               +--------+--------+--------+--------+--------+-----+--------+

Top non-repeatable levels by time:
     D:6: 1829 daAuts
     D:5: 1802 daAuts
    D:10: 1791 daAuts
     D:1: 1393 daAuts
     D:4: 1343 daAuts
     D:2: 1138 daAuts
     D:8: 1050 daAuts
     D:3: 1004 daAuts
     D:7: 954 daAuts
  Bailey: 894 daAuts
Gauntlet: 882 daAuts
     D:9: 809 daAuts
    D:11: 784 daAuts
  Lair:1: 504 daAuts
  Temple: 113 daAuts
